 Dungeon Crawl Stone Soup version 0.27-a0-1090-gb115f176c6 (webtiles) character file.

Game seed: 8402515146054384538

6 rjrrt the Chopper (level 1, -1/27 HPs)
             Began as a Demonspawn Berserker on Apr 27, 2021.
             Was a Follower of Trog.
             Slain by a kobold
             ... wielding a +3 short sword of holy wrath
              (5 damage)
             ... on level 1 of the Dungeon.
             The game lasted 00:00:48 (455 turns).

rjrrt the Chopper (Demonspawn Berserker)             Turns: 455, Time: 00:00:49

Health: -1/27      AC:  5    Str: 17    XL:     1   Next: 75%
Magic:  1/1        EV: 11    Int:  8    God:    Trog [*.....]
Gold:   16         SH:  0    Dex: 12    Spells: 0/0 levels left

rFire    . . .     SeeInvis .   a - +0 hand axe
rCold    . . .     Faith    .   (no shield)
rNeg     . . .     Spirit   .   c - +0 ring mail
rPois    .         Reflect  .   (no helmet)
rElec    .         Harm     .   (no cloak)
rCorr    .         Rampage  .   (no gloves)
Will     .....                  (no boots)
Stlth    ..........             (no amulet)
HPRegen  0.09/turn              (no ring)
MPRegen  0.07/turn              (no ring)

@: berserking, very quick
A: no striking features
a: Renounce Religion, Berserk


You were on level 1 of the Dungeon.
You worshipped Trog.
Trog was aware of your devotion.
You visited 1 branch of the dungeon, and saw 1 of its levels.

You collected 16 gold pieces.

Inventory:

Hand Weapons
 a - a +0 hand axe (weapon)
Armour
 c - a +0 ring mail (worn)
Scrolls
 b - a scroll of acquirement {unknown}


   Skills:
 - Level 3.0 Fighting
 + Level 3.1 Axes
 - Level 1.7 Armour
 - Level 1.7 Dodging


You couldn't memorise any spells.
You didn't know any spells.
Your spell library was empty.

Dungeon Overview and Level Annotations

Branches:
Dungeon (1/15)

Altars:


Message History

You closely miss the frilled lizard.
The frilled lizard closely misses you. x2
You closely miss the frilled lizard.
The frilled lizard bites you but does no damage.
Unknown command.
You hit the frilled lizard.
You kill the frilled lizard!
Trog accepts your kill.
Unknown command.
You see here a frilled lizard corpse.
Unknown command.
You feel yourself speed up.
You recover from your berserk rage.
HP restored.
Things that are here:
a jackal skeleton; a jackal skeleton You see here a jackal corpse.
Found 25 arrows.
Found a leather armour.
A goblin comes into view. It is wielding a +0 club.
The goblin shouts!
Found 10 gold pieces.
You hit the goblin.
You kill the goblin!
Trog accepts your kill.
No target in view!
No target in view!
You see here a +0 club.
You now have 16 gold pieces (gained 10).
b - a scroll labelled USAL UFUYCEO A kobold comes into view.
It is wielding a +3 short sword of holy wrath.
A kobold is nearby!
You closely miss the kobold.
The kobold hits you with a +3 short sword of holy wrath.
You convulse!
Ouch! That really hurt!
* * * LOW HITPOINT WARNING * * *
A red film seems to cover your vision as you go berserk!
You feel yourself moving faster!
You feel mighty!
The kobold hits you with a +3 short sword of holy wrath.
You die...

..............#
......#######.#
####.## #.## #
#.# #..# ####.###
##.# ##.....#
#####.###
##.....#
#.......#
##.....#
#.......# #.....#
#..##.#@#
#....)###..#..#K#
#####......#.##.#
####......#. #.#
#........... ..#
#.##.....##. ###
###.##.[......
....##########
#####


You could see a kobold.

Vanquished Creatures
  A goblin (D:1)
  3 jackals (D:1)
  A frilled lizard (D:1)
5 creatures vanquished.

Notes
Turn   | Place    | Note
-------+----------+-------------------------------------------
     0 | D:1      | rjrrt the Demonspawn Berserker began the quest for the Orb.
     0 | D:1      | Reached XP level 1. HP: 18/18 MP: 1/1
   455 | D:1      | Slain by a kobold

Illustrated notes

Levels and vault maps discovered:
D:1:      onia_arrival_pentagram, layout_loops_cross,
          chequers_serial_rivers_large_b, minmay_misc_feat_columns,
          minmay_misc_feat_room

Skill      XL: |  1 |
---------------+----+-----
Axes           | 3 |  3.1
Fighting       | |  3.0
Armour         | |  1.7
Dodging        | |  1.7

Action                   || total
-------------------------++-------
Melee: Hand axe          ||    34
Invok: Berserk           ||     2
Armor: Ring mail         ||    18
Dodge: Dodged            ||    22

Table legend: (Time is in decaauts)
 A = Elapsed time spent in this place.
 B = Non-inter-level travel time spent in this place.
 C = Inter-level travel time spent in this place.
 D = Time resting spent in this place.
 E = Time spent auto-exploring this place.
 F = Levels seen in this place.
 G = Mean time per level.
                   A        B        C        D        E       F      G
               +--------+--------+--------+--------+--------+-----+--------+
         Total |    501 |    501 |      0 |     13 |    390 |   1 |  501.0 |
       Dungeon |    501 |    501 |      0 |     13 |    390 |   1 |  501.0 |
               +--------+--------+--------+--------+--------+-----+--------+

Top non-repeatable levels by time:
     D:1: 501 daAuts
